 Dungeon Crawl Stone Soup version 0.18-a0-116-g2d311b1 (webtiles) character file.

79 Proton the Skirmisher (level 4, -7/42 HPs)
             Began as a Naga Fighter on Nov 16, 2015.
             Mangled by a shadow demon (17 damage)
             ... created by the darkness of Dithmenos
             ... on level 2 of the Dungeon.
             The game lasted 00:03:36 (1555 turns).

Proton the Skirmisher (Naga Fighter)                Turns: 1555, Time: 00:03:36

Health: -7/42      AC:  5    Str: 19    XL:     4   Next: 38%
Magic:  4/4        EV:  2    Int:  8    God:
Gold:   49         SH:  9    Dex: 11    Spells: 0 memorised, 3 levels left

rFire  . . .     SeeInvis +     a - +0 long sword
rCold  . . .     Clarity  .     b - +0 scale mail
rNeg   . . .     SustAt   .     c - +0 shield
rPois  +         Gourm    .     (no helmet)
rElec  .         Spirit   .     (no cloak)
rCorr  .         Warding  .     (no gloves)
rMut   .         Stasis   .     (no barding)
MR     .....                    (no amulet)
Stlth  +.........               (no ring)
                                g - -3 ring of evasion (curse)

@: very slow, not resistant to hostile enchantments, very unstealthy
A: see invisible, deformed body, poison resistance, slowness 2, slow metabolism
1, spit poison 2, AC +1
a: Spit Poison


You were on level 2 of the Dungeon.
You were not hungry.

You visited 1 branch of the dungeon, and saw 2 of its levels.

You collected 49 gold pieces.

Inventory:

Hand Weapons
 a - a +0 long sword (weapon)
Armour
 b - a +0 scale mail (worn)
 c - a +0 shield (worn)
Jewellery
 g - a cursed -3 ring of evasion (left hand)
Scrolls
 i - a scroll of magic mapping {unknown}
 j - a scroll of immolation {unknown}
 l - a scroll of remove curse {unknown}
 m - a scroll of enchant weapon {unknown}
Potions
 d - a potion of might
 k - a potion of curing {unknown}
Comestibles
 e - 2 bread rations
 f - 3 fruits
 h - 2 meat rations


   Skills:
 + Level 3.4 Fighting
 + Level 2.3 Long Blades
 + Level 2.6 Armour
 + Level 1.0 Dodging
 + Level 2.4 Stealth
 + Level 2.9 Shields


You had 3 spell levels left.
You didn't know any spells.

Dungeon Overview and Level Annotations

Branches:
Dungeon (2/15)

Altars:
Dithmenos


Innate Abilities, Weirdness & Mutations

You cannot wear boots.
Your serpentine skin is tough (AC +1).
You have supernaturally acute eyesight.
Armour fits poorly on your strangely shaped body.
Your system is resistant to poisons.
You cover ground very slowly.
You have a slow metabolism.
You can spit poison.


Message History

The shadow demon is lightly wounded.
The shadow demon hits you!
You hit the shadow demon.
The shadow demon is lightly wounded.
You block the shadow demon's attack. x2
You closely miss the shadow demon.
The shadow demon is lightly wounded.
The shadow demon hits you.
The shadow demon gestures.
You see here 2 stones.
You barely miss the orange demon. The orange demon stings you.
You block the orange demon's attack.
The shadow demon gestures.
You hit the orange demon.
The orange demon is lightly wounded.
The orange demon stings you.
* * * LOW HITPOINT WARNING * * *
The orange demon hits you but does no damage.
The shadow demon hits you!
You die...

#......#_
########.......# #
#......#........ ....
#......#........
......###......#........
........................
..... ###......#..).....
......#####(..#########+
......4@24JW............
......#####..........##.
..... #..........##.
.... #..........##. #+#
######.###.##. #..##.##.
##.##.##. #.##.##.
#.##.##.


You could see a shadow demon, an orange demon, a hellwing, a shadow (invisible)
and an ooze.

Vanquished Creatures
  A gnoll (D:1)
  3 adders (D:2)
  3 worms (D:2)
  A ball python (D:1)
  7 goblins
  3 hobgoblins (D:1)
  2 jackals (D:1)
  A quokka (D:2)
  5 bats
  A giant cockroach (D:1)
  A giant newt (D:1)
  5 kobolds
  5 rats
38 creatures vanquished.

Notes
Turn   | Place    | Note
--------------------------------------------------------------
     0 | D:1      | Proton the Naga Fighter began the quest for the Orb.
     0 | D:1      | Reached XP level 1. HP: 21/21 MP: 1/1
   130 | D:1      | Reached XP level 2. HP: 28/28 MP: 2/2
   143 | D:1      | Noticed a big kobold
   144 | D:1      | Noticed a big kobold
   156 | D:1      | Reached skill level 1 in Stealth
   174 | D:1      | Noticed a big kobold
   175 | D:1      | Noticed a big kobold
   370 | D:1      | Reached XP level 3. HP: 21/34 MP: 3/3
   875 | D:2      | Found a faded altar to an unknown god.
   903 | D:2      | Became a worshipper of Dithmenos the Shadowed
   903 | D:2      | Reached * piety under Dithmenos
   948 | D:2      | Reached skill level 1 in Dodging
  1129 | D:2      | Reached XP level 4. HP: 28/42 MP: 4/4
  1537 | D:2      | Fell from the grace of Dithmenos
  1544 | D:2      | Noticed a shadow demon
  1544 | D:2      | Noticed a shadow
  1544 | D:2      | Noticed a shadow demon
  1548 | D:2      | Noticed a hellwing
  1554 | D:2      | Noticed an orange demon
  1555 | D:2      | Mangled by a shadow demon

Vault maps used:
D:1:      erik_arrival_cave_to_civilisation
D:2:      kennysheep_the_goblin_king, ecumenical_altar_1

Action                   |  1- 3 |  4- 6 || total
-------------------------+-------+-------++-------
Melee: Long sword        |   117 |    33 ||   150
Invok: Renounce Religion |       |     1 ||     1
 Abil: Spit Poison       |     2 |     2 ||     4
  Eat: Bread ration      |       |     1 ||     1
